 Dungeon Crawl Stone Soup version 0.30-a0-313-gae38170b09 (webtiles) character file.

Game seed: 691645276057809592

61 daveb22 the Shooter (level 3, -4/20 HPs)
             Began as a Deep Elf Wanderer on Oct 26, 2022.
             Slain by Natasha (6 damage)
             ... on level 2 of the Dungeon on Oct 27, 2022.
             The game lasted 00:06:56 (878 turns).

daveb22 the Shooter (Deep Elf Wanderer)              Turns: 878, Time: 00:06:56

Health: -4/20      AC:  3    Str:  8    XL:     3   Next: 83%
Magic:  7/7        EV: 13    Int: 17    God:
Gold:   48         SH:  0    Dex: 16    Spells: 5/5 levels left

rFire   . . .      SeeInvis .    a - +0 shortbow
rCold   . . .      Faith    .    (shield currently unavailable)
rNeg    . . .      Spirit   .    d - +0 robe
rPois   .          Reflect  .    (no helmet)
rElec   .          Harm     .    (no cloak)
rCorr   .          Rampage  .    b - +0 pair of gloves
Will    .....                    (no boots)
Stlth   ++........               (no amulet)
HPRegen 0.23/turn                (no ring)
MPRegen 0.10/turn                (no ring)

@: slowed, very slow
A: no striking features
a: no special abilities


You were on level 2 of the Dungeon.
You visited 1 branch of the dungeon, and saw 2 of its levels.

You collected 48 gold pieces.

Inventory:

Hand Weapons
 a - a +0 shortbow (weapon)
 f - a +0 dagger
 h - a +0 dagger
 k - a +1 vampiric dagger
Armour
 b - a +0 pair of gloves (worn)
 d - a +0 robe (worn)
 n - a +1 pair of boots
Jewellery
 i - a ring of wizardry
Scrolls
 e - a scroll of identify {unknown}
 m - a scroll of fear {unknown}
Potions
 c - a potion of heal wounds
 g - a potion of might {unknown}
 j - a potion of flight {unknown}
 l - a potion of lignification {unknown}


   Skills:
 + Level 1.1 Fighting
 + Level 5.6 Ranged Weapons
 + Level 1.1 Armour
 + Level 2.8 Dodging
 + Level 0.9 Stealth
 + Level 1.8 Spellcasting
 + Level 2.3 Transmutations


You had 5 spell levels left.
You didn't know any spells.
Your spell library contained the following spells:

 Spells                   Type           Power      Damage    Failure   Level
 Wereblood                Tmut           9%         N/A       12%         2
 Passwall                 Tmut/Erth      4%         N/A       19%         2


Dungeon Overview and Level Annotations

Branches:
Dungeon (2/15)

Altars:

Shops:
D:1 *

Annotations:
D:2 Natasha


Message History

Natasha is moderately wounded.
Fire: a) +0 shortbow
Press: ? - help, Shift-Dir - straight line, f/p - Natasha
Aim: Natasha, carrying a wand of roots (12) (moderately wounded, 55% to hit)
You shoot an arrow. The arrow barely misses Natasha.
The arrow hits the rat.
You kill the rat!
Natasha claws you.
Fire: a) +0 shortbow
Press: ? - help, Shift-Dir - straight line, f/p - Natasha
Aim: Natasha, carrying a wand of roots (12) (moderately wounded, 55% to hit)
You shoot an arrow. The arrow barely misses Natasha.
The arrow hits the iron imp.
The iron imp is lightly wounded.
Natasha claws you.
Natasha casts a spell.
You shoot an arrow.
The arrow hits Natasha but does no damage.
Natasha is moderately wounded.
Natasha closely misses you.
The iron imp disappears for a moment.
You shoot an arrow. The arrow hits Natasha.
Natasha is moderately wounded.
The shadow imp closely misses you.
Natasha howls an incantation.
Natasha glows brightly for a moment.
Natasha misses you. The iron imp closely misses you.
Natasha closely misses you. The shadow imp closely misses you.
The iron imp barely misses you.
The shadow imp attacks as you move away!
The shadow imp hits you but does no damage.
Natasha claws you!
* * * LOW HITPOINT WARNING * * *
Natasha claws you but does no damage.
You shoot an arrow. The arrow hits Natasha.
Natasha is severely wounded.
Natasha claws you.
* * * LOW HITPOINT WARNING * * *
Natasha misses you. Natasha attacks as you move away! Natasha claws you.
You die...

# .# ####.#
#....# #5...#...
#5h......
#.#.####@##.#...
#.....<#.##.#
###.###.....#
#.....# #†....#
#.....# #.....#
#....## #....#


You could see an iron imp (summoned), Natasha and a shadow imp (summoned).

Vanquished Creatures
  Natasha (D:2)
  A dart slug (D:1)
  4 endoplasms
  7 giant cockroaches (D:1)
  5 hobgoblins (D:1)
  A kobold (D:1)
  A quokka (D:1)
  3 bats
  2 frilled lizards (D:1)
  3 goblins (D:1)
  3 rats
31 creatures vanquished.

Notes
Turn   | Place    | Note
-------+----------+-------------------------------------------
     0 | D:1      | daveb22 the Deep Elf Wanderer began the quest for the Orb.
     0 | D:1      | daveb22 set off with the following items: a +0 shortbow, a
                  | +0 pair of gloves, a potion of heal wounds, a +0 robe; and
                  | the following spells available to memorise: Wereblood,
                  | Passwall.
     0 | D:1      | Reached XP level 1. HP: 12/12 MP: 5/5
   149 | D:1      | Reached XP level 2. HP: 16/16 MP: 6/6
   444 | D:1      | Found Pamosan's Assorted Antiques.
   500 | D:1      | Reached skill level 5 in Ranged Weapons
   519 | D:1      | Reached XP level 3. HP: 12/20 MP: 7/7
   849 | D:2      | Noticed Natasha
   856 | D:2      | Killed Natasha
   868 | D:2      | Noticed Natasha
   878 | D:2      | Slain by Natasha

Illustrated notes

Levels and vault maps discovered:
D:1:      wheals_arrival_shading, layout_basic, serial_shops,
          nicolae_shop_trees, minmay_worlds_worst_comb
D:2:      layout_basic, dreamdust_ecumenical_altar_hidden_monk_grotto,
          serial_shops, nicolae_lakefront_shop, uniq_natasha

Skill      XL: |  1  2 |
---------------+-------+-----
Ranged Weapons | 5 |  5.6
Fighting       | |  1.1
Armour         | |  1.1
Dodging        | |  2.8
Stealth        | |  0.9
Spellcasting   | |  1.8
Transmutations | |  2.3

Action                   || total
-------------------------++-------
 Fire: Shortbow          ||    91
  Use: Scroll            ||     1
Armor: Robe              ||    23
Dodge: Dodged            ||    57

Table legend: (Time is in decaauts)
 A = Elapsed time spent in this place.
 B = Non-inter-level travel time spent in this place.
 C = Inter-level travel time spent in this place.
 D = Time resting spent in this place.
 E = Time spent auto-exploring this place.
 F = Levels seen in this place.
 G = Mean time per level.
                   A        B        C        D        E       F      G
               +--------+--------+--------+--------+--------+-----+--------+
         Total |    905 |    890 |     15 |     31 |    456 |   2 |  452.5 |
       Dungeon |    905 |    890 |     15 |     31 |    456 |   2 |  452.5 |
               +--------+--------+--------+--------+--------+-----+--------+

Top non-repeatable levels by time:
     D:1: 867 daAuts
     D:2: 37 daAuts
